 Dungeon Crawl Stone Soup version 0.21.1-1-g345015f (webtiles) character file.

112 theblackcape the Grave Robber (level 4, 0/30 HPs)
             Began as a Mummy Necromancer on June 4, 2018.
             Slain by diana's ghost (5 damage)
             ... on level 3 of the Dungeon.
             The game lasted 00:14:09 (2723 turns).

theblackcape the Grave Robber (Mummy Necromancer)   Turns: 2723, Time: 00:14:10

Health: 0/30       AC:  2    Str: 11    XL:     4   Next: 63%
Magic:  5/10       EV: 12    Int: 15    God:
Gold:   162        SH:  0    Dex: 12    Spells: 6/11 levels left

rFire    x . .     SeeInvis .   g - +2 rapier (venom)
rCold    + . .     Gourm    .   (no shield)
rNeg     + + +     Faith    .   a - +0 robe
rPois    ∞         Spirit   .   (no helmet)
rElec    .         Reflect  .   (no cloak)
rCorr    .         Harm     .   (no gloves)
MR       .....                  (no boots)
Stlth    ++........             (no amulet)
HPRegen  0.10/turn              (no ring)
MPRegen  0.12/turn              (no ring)

@: no status effects
A: no food or potions, fire vulnerability, cold resistance 1, negative energy
resistance 3, torment resistance, unbreathing
a: no special abilities


You were on level 3 of the Dungeon.
You were not hungry.

You visited 1 branch of the dungeon, and saw 4 of its levels.

You collected 162 gold pieces.

Inventory:

Hand Weapons
 g - a +2 rapier of venom (weapon)
Armour
 a - a +0 robe (worn)
Jewellery
 d - an uncursed ring of positive energy {unknown}
 h - a +2 ring of intelligence {unknown}
Scrolls
 c - a scroll of magic mapping {unknown}
 e - a scroll of fear {unknown}
 f - a scroll of teleportation {unknown}
 i - a scroll of fog {unknown}
 j - a scroll of noise {unknown}
 k - a scroll of immolation {unknown}
 l - a scroll of identify {unknown}
Books
 b - a book of Necromancy

   Spells                             Type                      Level
   a - Pain                           Necromancy                   1
   b - Animate Skeleton               Necromancy                   1
   c - Vampiric Draining              Necromancy                   3
   d - Regeneration                   Charms/Necromancy            3
   e - Animate Dead                   Necromancy                   4
   f - Borgnjor's Vile Clutch         Necromancy/Earth             5


   Skills:
 - Level 1.5 Dodging
 - Level 1.5 Stealth
 + Level 4.2 Spellcasting
 + Level 5.4 Necromancy


You had 6 spell levels left.
You knew the following spells:

 Your Spells              Type           Power        Failure   Level  Hunger
a - Pain                  Necr           ###.         1%          1    N/A
b - Animate Dead          Necr           N/A          19%         4    N/A

Dungeon Overview and Level Annotations

Branches:
Dungeon (4/15)
 Temple: D:4-7

Altars:

Annotations:
D:3 diana's ghost, amateur MfGl


Innate Abilities, Weirdness & Mutations

You do not eat or drink.
Your flesh is vulnerable to fire.
You are immune to poison.
Your flesh is cold resistant. (rC+)
You are immune to negative energy. (rN+++)
You are immune to unholy pain and torment.
You can survive without breathing.


Message History

The bat closely misses you. The bat hits you.
The bat hits you but does no damage. The bat hits you but does no damage.
Diana's ghost barely misses you.
An orc comes into view.
An orc comes into view.
The bat closely misses you.
The orc shouts!
The bat hits you but does no damage. The bat hits you.
Found a stone staircase leading down.
The bat hits you but does no damage. The bat barely misses you.
The orc closely misses you. Diana's ghost hits you!
* * * LOW HITPOINT WARNING * * *
An orc wizard comes into view. It is wielding a dagger.
The orc wizard shouts!
The orc misses you. The bat hits you but does no damage.
Found a lumpy puce potion.
The orc shouts!
You hear a shout!
The bat barely misses you. Diana's ghost hits you.
You die...

.........# . #. ........
.. #o ....#
!..#.############'######
.>..o..................
......b................
#...............###
#.oo.##########....
#.@W.# #.... ..........#
#.... .........## ####.
.........# . ####.#'###
#.#. #.#. ##


You could see an orc wizard, diana's ghost, 3 orcs and a bat.

Vanquished Creatures
  4 adders (D:2)
  A worm (D:2)
  A dart slug (D:1)
  5 leopard geckos
  An orc (D:3)
  3 giant cockroaches
  7 goblins
  9 hobgoblins
  A jackal (D:3)
  10 bats
  5 frilled lizards
  6 kobolds
  9 rats
62 creatures vanquished.

Vanquished Creatures (collateral kills)
  A worm (D:2)
1 creature vanquished.

Grand Total: 63 creatures vanquished

Notes
Turn   | Place    | Note
-------+----------+-------------------------------------------
     0 | D:1      | theblackcape the Mummy Necromancer began the quest for the Orb.
     0 | D:1      | Reached XP level 1. HP: 13/13 MP: 4/4
   238 | D:1      | Reached XP level 2. HP: 18/19 MP: 0/5
   891 | D:1      | Reached XP level 3. HP: 18/24 MP: 2/7
  1430 | D:2      | Reached skill level 5 in Necromancy
  1836 | D:2      | Reached XP level 4. HP: 30/30 MP: 5/9
  1870 | D:2      | Learned a level 4 spell: Animate Dead
  2700 | D:3      | Noticed diana's ghost (amateur MfGl)
  2723 | D:3      | Slain by diana's ghost

Skill      XL: |  1  2  3  4 |
---------------+-------------+-----
Spellcasting   | 3 4 |  4.2
Necromancy     | 5 |  5.4
Dodging        | |  1.5
Stealth        | |  1.5

Action                   |  1- 3 |  4- 6 || total
-------------------------+-------+-------++-------
Melee: Unarmed           |    28 |       ||    28
       Rapier            |     7 |    18 ||    25
 Cast: Pain              |    81 |    31 ||   112
       Animate Dead      |       |     6 ||     6
Armor: Robe              |    27 |     9 ||    36
Dodge: Dodged            |    58 |    22 ||    80
